TOP OF THE 1ST |
Seattle Rocketeers batting - Pitching for Nashville Outlaws : RHP Miguel Pérez
|
Pitching: RHP Miguel Pérez
|
|
Batting: SHB Lodd Felton
|
0-0: Ball 1-0: Foul Ball, location: 2F 1-1: Ball 2-1: Foul Ball, location: 2F 2-2: Ball 3-2: Foul Ball, location: 2F 3-2: Strikes out swinging
|
Batting: RHB Mike Case
|
0-0: Ball 1-0: Swinging Strike 1-1: Swinging Strike 1-2: Ball 2-2: Strikes out swinging
|
Batting: RHB Mathew Mayo
|
0-0: Ball 1-0: Foul Ball, location: 2F 1-1: Foul Ball, location: 2F 1-2: DOUBLE (Line Drive, 89D, EV 99.4 MPH)
|
Batting: LHB Manoo Satyavrat
|
0-0: Called Strike 0-1: Swinging Strike 0-2: Ball 1-2: Ground out 1-3 (Groundball, 13S, EV 69.4 MPH)
|
Top of the 1st over - 0 runs, 1 hit, 0 errors, 1 left on base; Seattle 0 - Nashville 0 |
BOTTOM OF THE 1ST |
Nashville Outlaws batting - Pitching for Seattle Rocketeers : LHP Andy Williams
|
Pitching: LHP Andy Williams
|
|
Batting: LHB Daniel Page
|
0-0: Ball 1-0: Foul Ball, location: 2F 1-1: Foul Ball, location: 2F 1-2: Fly out, F9 (Flyball, 89D, EV 93.8 MPH)
|
Batting: LHB Juan Santángel
|
0-0: Ball 1-0: Called Strike 1-1: Ball 2-1: SINGLE (Groundball, 4MD, EV 104.4 MPH)
|
Batting: RHB Shimei Miura
|
0-0: Swinging Strike 0-1: SINGLE (Groundball, 4MD, EV 97.5 MPH) Juan Santángel to second
|
Batting: LHB Nikolai Volkoff
|
0-0: SINGLE (Line Drive, 7LM, EV 107.5 MPH) Juan Santángel to third Shimei Miura to second
|
Batting: RHB Broderick Sarcoma
|
0-0: Fly out, F7 (Flyball, 7, EV 81.9 MPH)
|
Batting: LHB Duff Eckstein
|
0-0: Ball 1-0: Called Strike 1-1: Ball 2-1: SINGLE (Groundball, 4D, EV 105.6 MPH) Juan Santángel scores Shimei Miura to third Nikolai Volkoff to second Runner from 3rd tries for Home, SAFE, no throw by CF
|
Batting: LHB Bartolo Soto
|
0-0: SINGLE (Line Drive, 8RS, EV 94.4 MPH) Nikolai Volkoff to third Duff Eckstein to second Runner from 3rd tries for Home, SAFE, throw by CF to home
|
Batting: RHB Jong-yun Rhee
|
0-0: Ball 1-0: Ball 2-0: Ground out 4-3 (Groundball, 4, EV 108.8 MPH)
|
Bottom of the 1st over - 3 runs, 5 hits, 0 errors, 2 left on base; Seattle 0 - Nashville 3 |
TOP OF THE 2ND |
Seattle Rocketeers batting - Pitching for Nashville Outlaws : RHP Miguel Pérez
|
Batting: RHB Alain Grosjean
|
0-0: Foul Ball, location: 2F 0-1: Swinging Strike 0-2: Strikes out swinging
|
Batting: SHB Yasuhiko Onishi
|
0-0: Called Strike 0-1: Foul Ball, location: 2F 0-2: Ball 1-2: Foul Ball, location: 2F 1-2: Fly out, F7 (Flyball, 7D, EV 92.5 MPH)
|
Batting: RHB Yakamochi Ota
|
0-0: Ball 1-0: Called Strike 1-1: Fly out, F8 (Flyball, 8LD, EV 100.0 MPH)
|
Top of the 2nd over - 0 runs, 0 hits, 0 errors, 0 left on base; Seattle 0 - Nashville 3 |
BOTTOM OF THE 2ND |
Nashville Outlaws batting - Pitching for Seattle Rocketeers : LHP Andy Williams
|
Batting: LHB Wilson Hernández
|
0-0: Ball 1-0: Fly out, F9 (Flyball, 9, EV 95.6 MPH)
|
Batting: LHB Daniel Page
|
0-0: Fly out, F8 (Flyball, 8RS, EV 80.0 MPH)
|
Batting: LHB Juan Santángel
|
0-0: Ball 1-0: Ball 2-0: SINGLE (Line Drive, 78S, EV 90.6 MPH)
|
Batting: RHB Shimei Miura
|
0-0: Called Strike 0-1: Called Strike 0-2: Ball 1-2: Ball 2-2: Strikes out swinging
|
Bottom of the 2nd over - 0 runs, 1 hit, 0 errors, 1 left on base; Seattle 0 - Nashville 3 |
TOP OF THE 3RD |
Seattle Rocketeers batting - Pitching for Nashville Outlaws : RHP Miguel Pérez
|
Batting: RHB Axel Ruschmeyer
|
0-0: Called Strike 0-1: Ball 1-1: SINGLE (Flyball, 9LS, EV 90.6 MPH)
|
Batting: RHB Guy Toussaint
|
0-0: Ball 1-0: Swinging Strike 1-1: Grounds into double play, 4-6-3 (Groundball, 4, EV 83.1 MPH)
|
Batting: SHB Lodd Felton
|
0-0: Called Strike 0-1: Ball 1-1: Ball 2-1: Foul Ball, location: 2F 2-2: Foul Ball, location: 2F 2-2: Ground out 1-3 (Groundball, 13, EV 68.8 MPH)
|
Top of the 3rd over - 0 runs, 1 hit, 0 errors, 0 left on base; Seattle 0 - Nashville 3 |
BOTTOM OF THE 3RD |
Nashville Outlaws batting - Pitching for Seattle Rocketeers : LHP Andy Williams
|
Batting: LHB Nikolai Volkoff
|
0-0: Ground out 6-3 (Groundball, 6, EV 91.9 MPH)
|
Batting: RHB Broderick Sarcoma
|
0-0: Foul Ball, location: 2F 0-1: SINGLE (Groundball, 34D, EV 102.5 MPH)
|
Batting: LHB Duff Eckstein
|
0-0: Fielders Choice at 2nd, 4-6 (Groundball, 4, EV 100.6 MPH)
|
Batting: LHB Bartolo Soto
|
0-0: Foul Ball, location: 2F 0-1: Fly out, F8 (Flyball, 89S, EV 75.0 MPH)
|
Bottom of the 3rd over - 0 runs, 1 hit, 0 errors, 1 left on base; Seattle 0 - Nashville 3 |
TOP OF THE 4TH |
Seattle Rocketeers batting - Pitching for Nashville Outlaws : RHP Miguel Pérez
|
Batting: RHB Mike Case
|
0-0: Called Strike 0-1: SINGLE (Line Drive, 9S, EV 101.2 MPH)
|
Batting: RHB Mathew Mayo
|
0-0: SINGLE (Groundball, 3, EV 111.2 MPH) (infield hit) Mike Case to second
|
Batting: LHB Manoo Satyavrat
|
0-0: Called Strike 0-1: Fielders Choice at 2nd, 4-6 (Groundball, 4, EV 85.6 MPH) Mike Case to third
|
Batting: RHB Alain Grosjean
|
0-0: Swinging Strike 0-1: Ball 1-1: Swinging Strike 1-2: Fly out, F9 (Flyball, 89D, EV 100.6 MPH) Runner from 3rd tags up, SCORES, no throw by RF
|
Batting: SHB Yasuhiko Onishi
|
0-0: Ball Manoo Satyavrat steals 2nd base 1-0: SINGLE (Groundball, 6, EV 84.4 MPH) (infield hit) Manoo Satyavrat to third
|
Batting: RHB Yakamochi Ota
|
0-0: DOUBLE (Line Drive, 5D, EV 94.4 MPH) Manoo Satyavrat scores Yasuhiko Onishi to third
|
Batting: RHB Axel Ruschmeyer
|
0-0: Ball Wild Pitch! Yasuhiko Onishi scores Yakamochi Ota to third 1-0: Foul Ball, location: 2F 1-1: Fly out, F1 (Popup, P, EV 77.5 MPH)
|
Top of the 4th over - 3 runs, 4 hits, 0 errors, 1 left on base; Seattle 3 - Nashville 3 |
BOTTOM OF THE 4TH |
Nashville Outlaws batting - Pitching for Seattle Rocketeers : LHP Andy Williams
|
Batting: RHB Jong-yun Rhee
|
0-0: Ball 1-0: Ball 2-0: DOUBLE (Line Drive, 9LM, EV 99.4 MPH)
|
Batting: LHB Wilson Hernández
|
0-0: Called Strike 0-1: Swinging Strike 0-2: Ball 1-2: Foul Ball, location: 2F 1-2: Fly out, F7 (Flyball, 7S, EV 76.9 MPH)
|
Batting: LHB Daniel Page
|
0-0: Called Strike 0-1: Ball 1-1: Foul Ball, location: 2F 1-2: Fly out, F1 (Line Drive, P, EV 75.6 MPH)
|
Batting: LHB Juan Santángel
|
0-0: Ball 1-0: Ball 2-0: Fly out, F7 (Flyball, 7LS, EV 90.6 MPH)
|
Bottom of the 4th over - 0 runs, 1 hit, 0 errors, 1 left on base; Seattle 3 - Nashville 3 |
TOP OF THE 5TH |
Seattle Rocketeers batting - Pitching for Nashville Outlaws : RHP Miguel Pérez
|
Batting: RHB Guy Toussaint
|
0-0: Fly out, F8 (Flyball, 78M, EV 80.0 MPH)
|
Batting: SHB Lodd Felton
|
0-0: Ball 1-0: Ball 2-0: Foul Ball, location: 2F 2-1: Swinging Strike 2-2: Ball 3-2: SINGLE (Groundball, 4MD, EV 96.2 MPH)
|
Batting: RHB Mike Case
|
0-0: Ball 1-0: Called Strike 1-1: Ball 2-1: Fly out, F7 (Line Drive, 7, EV 93.8 MPH)
|
Batting: RHB Mathew Mayo
|
0-0: Called Strike Lodd Felton steals 2nd base 0-1: Swinging Strike 0-2: Ball 1-2: Ball 2-2: Ball 3-2: Base on Balls
|
Batting: LHB Manoo Satyavrat
|
0-0: Foul Ball, location: 2F 0-1: Ball 1-1: Fly out, F8 (Flyball, 89M, EV 98.1 MPH)
|
Top of the 5th over - 0 runs, 1 hit, 0 errors, 2 left on base; Seattle 3 - Nashville 3 |
BOTTOM OF THE 5TH |
Nashville Outlaws batting - Pitching for Seattle Rocketeers : LHP Andy Williams
|
Batting: RHB Shimei Miura
|
0-0: Ball 1-0: Called Strike 1-1: Fly out, F4 (Popup, 13, EV 78.1 MPH)
|
Batting: LHB Nikolai Volkoff
|
0-0: Ground out 4-3 (Groundball, 4, EV 102.5 MPH)
|
Batting: RHB Broderick Sarcoma
|
0-0: Ball 1-0: Swinging Strike 1-1: Ground out 5-3 (Groundball, 5, EV 83.8 MPH)
|
Bottom of the 5th over - 0 runs, 0 hits, 0 errors, 0 left on base; Seattle 3 - Nashville 3 |
TOP OF THE 6TH |
Seattle Rocketeers batting - Pitching for Nashville Outlaws : RHP Miguel Pérez
|
Batting: RHB Alain Grosjean
|
0-0: Foul Ball, location: 2F 0-1: Swinging Strike 0-2: Ground out 6-3 (Groundball, 6, EV 81.2 MPH)
|
Batting: SHB Yasuhiko Onishi
|
0-0: Called Strike 0-1: Swinging Strike 0-2: Foul Ball, location: 2F 0-2: Ball 1-2: Ball 2-2: Ball 3-2: Strikes out swinging, 2-3 out at first.
|
Batting: RHB Yakamochi Ota
|
0-0: Called Strike 0-1: Called Strike 0-2: Ground out 4-3 (Groundball, 4, EV 76.2 MPH)
|
Top of the 6th over - 0 runs, 0 hits, 0 errors, 0 left on base; Seattle 3 - Nashville 3 |
BOTTOM OF THE 6TH |
Nashville Outlaws batting - Pitching for Seattle Rocketeers : LHP Andy Williams
|
Batting: LHB Duff Eckstein
|
0-0: Called Strike 0-1: Ball 1-1: Ground out 4-3 (Groundball, 4, EV 83.8 MPH)
|
Batting: LHB Bartolo Soto
|
0-0: Ball 1-0: Called Strike 1-1: Ball 2-1: Foul Ball, location: 2F 2-2: Ball 3-2: Ground out 4-3 (Groundball, 4M, EV 81.2 MPH)
|
Batting: RHB Jong-yun Rhee
|
0-0: Ball 1-0: Ball 2-0: Ball 3-0: Called Strike 3-1: Called Strike 3-2: Foul Ball, location: 2F 3-2: Base on Balls
|
Batting: LHB Wilson Hernández
|
0-0: Called Strike 0-1: Foul Ball, location: 2F 0-2: Strikes out looking
|
Bottom of the 6th over - 0 runs, 0 hits, 0 errors, 1 left on base; Seattle 3 - Nashville 3 |
TOP OF THE 7TH |
Seattle Rocketeers batting - Pitching for Nashville Outlaws : RHP Miguel Pérez
|
Batting: RHB Axel Ruschmeyer
|
0-0: Ball 1-0: Swinging Strike 1-1: Foul Ball, location: 2F 1-2: Ground out 5-3 (Groundball, 56S, EV 83.1 MPH)
|
Batting: RHB Guy Toussaint
|
0-0: Ball 1-0: Ball 2-0: Called Strike 2-1: Foul Ball, location: 2F 2-2: SINGLE (Groundball, 34D, EV 101.2 MPH)
|
Pitching: LHP Bob Bolen
|
|
Batting: SHB Lodd Felton
|
0-0: Foul Ball, location: 2F 0-1: Called Strike 0-2: Foul Ball, location: 2F 0-2: Ball 1-2: Ball 2-2: Ball 3-2: Strikes out swinging
|
Batting: RHB Mike Case
|
0-0: Foul Ball, location: 2F 0-1: Ground out 4-3 (Groundball, 34, EV 80.6 MPH)
|
Top of the 7th over - 0 runs, 1 hit, 0 errors, 1 left on base; Seattle 3 - Nashville 3 |
BOTTOM OF THE 7TH |
Nashville Outlaws batting - Pitching for Seattle Rocketeers : LHP Andy Williams
|
Batting: LHB Daniel Page
|
0-0: Ball 1-0: Foul Ball, location: 2F 1-1: Foul Ball, location: 2F 1-2: Strikes out looking
|
Batting: LHB Juan Santángel
|
0-0: Called Strike 0-1: Ball 1-1: Foul Ball, location: 2F 1-2: Ball 2-2: Foul Ball, location: 2F 2-2: Ball 3-2: Foul Ball, location: 2F 3-2: Ground out U3 (Groundball, 3, EV 81.2 MPH)
|
Batting: RHB Shimei Miura
|
0-0: Called Strike 0-1: Foul Ball, location: 2F 0-2: Ball 1-2: Ball 2-2: Ball 3-2: Foul Ball, location: 2F 3-2: Fly out, F6 (Popup, 6M, EV 55.0 MPH)
|
Bottom of the 7th over - 0 runs, 0 hits, 0 errors, 0 left on base; Seattle 3 - Nashville 3 |
TOP OF THE 8TH |
Seattle Rocketeers batting - Pitching for Nashville Outlaws : LHP Bob Bolen
|
Batting: RHB Mathew Mayo
|
0-0: Foul Ball, location: 2F 0-1: Swinging Strike 0-2: SINGLE (Groundball, 34D, EV 102.5 MPH)
|
Batting: LHB Manoo Satyavrat
|
0-0: Swinging Strike 0-1: Ball 1-1: Called Strike 1-2: Ball 2-2: Strikes out swinging
|
Batting: RHB Alain Grosjean
|
0-0: Called Strike 0-1: Ball 1-1: Foul Ball, location: 2F 1-2: Ball 2-2: Ball 3-2: Grounds into double play, 4-6-3 (Groundball, 4, EV 80.0 MPH)
|
Top of the 8th over - 0 runs, 1 hit, 0 errors, 0 left on base; Seattle 3 - Nashville 3 |
BOTTOM OF THE 8TH |
Nashville Outlaws batting - Pitching for Seattle Rocketeers : LHP Andy Williams
|
Batting: LHB Nikolai Volkoff
|
0-0: Foul Ball, location: 2F 0-1: Foul Ball, location: 2F 0-2: Ball 1-2: Strikes out looking
|
Batting: RHB Broderick Sarcoma
|
0-0: Ball 1-0: Foul Ball, location: 2F 1-1: Ball 2-1: Fly out, F6 (Popup, 4MS, EV 80.6 MPH)
|
Batting: LHB Duff Eckstein
|
0-0: Ball 1-0: Called Strike 1-1: Ground out U3 (Groundball, 3, EV 82.5 MPH)
|
Bottom of the 8th over - 0 runs, 0 hits, 0 errors, 0 left on base; Seattle 3 - Nashville 3 |
TOP OF THE 9TH |
Seattle Rocketeers batting - Pitching for Nashville Outlaws : LHP Bob Bolen
|
Pitching: RHP Mark Zaugg
|
|
Batting: SHB Yasuhiko Onishi
|
0-0: Ball 1-0: Called Strike 1-1: Called Strike 1-2: Strikes out looking
|
Pinch Hitting: SHB Charles Geudre
|
0-0: SOLO HOME RUN (Flyball, 89XD, EV 106.9 MPH), Distance : 387 ft
|
Batting: RHB Axel Ruschmeyer
|
0-0: Foul Ball, location: 2F 0-1: Fly out, F7 (Flyball, 7, EV 90.6 MPH)
|
Batting: RHB Guy Toussaint
|
0-0: Ball 1-0: Ground out 6-3 (Groundball, 6, EV 105.0 MPH)
|
Top of the 9th over - 1 run, 1 hit, 0 errors, 0 left on base; Seattle 4 - Nashville 3 |
BOTTOM OF THE 9TH |
Nashville Outlaws batting - Pitching for Seattle Rocketeers : LHP Andy Williams
|
Pitching: RHP Min-chor Chon
|
|
Now at 3B: Jur Prokop
|
|
Batting: LHB Bartolo Soto
|
0-0: Ball 1-0: Ball 2-0: Called Strike 2-1: Ball 3-1: Foul Ball, location: 2F 3-2: Ground out U3 (Groundball, 34, EV 82.5 MPH)
|
Batting: RHB Jong-yun Rhee
|
0-0: Called Strike 0-1: Foul Ball, location: 2F 0-2: Ball 1-2: Strikes out swinging
|
Batting: LHB Wilson Hernández
|
0-0: Called Strike 0-1: Ball 1-1: Ball 2-1: Ball 3-1: Foul Ball, location: 2F 3-2: Strikes out swinging
|
Bottom of the 9th over - 0 runs, 0 hits, 0 errors, 0 left on base; Seattle 4 - Nashville 3 |
|